 Dungeon Crawl Stone Soup version 0.16.1-4-g8e1b745 (webtiles) character file.

6343 xsansara the Covert (level 10, -3/44 HPs)
             Began as a Spriggan Enchanter on Mar 27, 2015.
             Was a High Priest of Dithmenos.
             Killed from afar by an electric eel (9 damage)
             ... with a bolt of electricity
             ... on level 9 of the Dungeon.
             The game lasted 00:45:57 (10312 turns).

xsansara the Covert (Spriggan Enchanter)           Turns: 10312, Time: 00:45:57

Health: -3/44      AC:  4    Str:  6    XL:     10   Next: 64%
Magic:  3/23       EV: 19    Int: 19    God:    Dithmenos [*****.]
Gold:   249        SH:  0    Dex: 24    Spells: 4 memorised, 4 levels left

rFire  . . .     SeeInvis +     w - +2 dagger "Lihozxa" {speed, Dex+4}
rCold  . . .     Clarity  .     b - +1 robe
rNeg   . . .     SustAb   .     (shield restricted)
rPois  .         Gourm    .     e - +0 hat {MR+}
rElec  .         Spirit   .     O - +0 cloak {MR+}
rCorr  .         Warding  .     (gloves unavailable)
rMut   .         Stasis   .     (boots unavailable)
MR     +++..                    (no amulet)
Stlth  ++++++++++               l - +4 ring of dexterity
                                i - ring of wizardry

@: wreathed by umbra, very quick, extremely resistant to hostile enchantments,
uncannily stealthy
A: unfitting armour, see invisible, herbivore 3, speed 3, slow metabolism 2
a: Shadow Step, Shadow Form, Renounce Religion


You were on level 9 of the Dungeon.
You worshipped Dithmenos.
Dithmenos was extremely pleased with you.
You were not hungry.

You visited 1 branch of the dungeon, and saw 9 of its levels.
You also visited: Sewer and Ossuary.

You collected 532 gold pieces.
You spent 283 gold pieces at shops.

Inventory:

Hand weapons
 a - a +3 dagger
 w - the +2 dagger "Lihozxa" (weapon) {speed, Dex+4}
   (You found it on level 7 of the Dungeon)

   Attacks with this weapon are significantly faster.
   It affects your dexterity (+4).
 U - a +5 blowgun
Missiles
 y - 92 poisoned needles
 D - 2 curare-tipped needles
Armour
 b - a +1 robe (worn)
 e - a +0 hat of magic resistance (worn)
 O - a +0 cloak of magic resistance (worn)
Rods
 K - a -3 rod of the swarm (14/14)
   (You found it on level 7 of the Dungeon)
Jewellery
 i - a ring of wizardry (left hand)
 l - a +4 ring of dexterity (right hand)
 t - an uncursed ring of protection from magic
Magical devices
 k - a wand of draining (7)
 r - a wand of lightning (7)
 x - a wand of invisibility (1)
 A - a wand of teleportation (4)
 L - a wand of cold (10)
 M - a wand of polymorph (9)
 N - a wand of random effects (31)
 R - a wand of teleportation (2)
Scrolls
 f - a scroll of amnesia
 g - 6 scrolls of teleportation
 j - a scroll of enchant armour
 o - a scroll of recharging {unknown}
 p - a scroll of magic mapping
 q - 2 scrolls of fear {unknown}
 H - a scroll of random uselessness {unknown}
 P - a scroll of blinking {unknown}
 S - a scroll of remove curse
 T - a scroll of acquirement {unknown}
Potions
 h - 2 potions of agility
 m - a potion of brilliance
 n - 2 potions of haste
 s - 2 potions of cancellation
 u - a potion of magic
 v - a potion of lignification
 z - 6 potions of heal wounds
 B - 2 potions of curing
 C - 2 potions of flight
 E - 2 potions of restore abilities
 F - a potion of degeneration {unknown}
 G - 2 potions of resistance
 I - 2 potions of cure mutation
 J - a potion of decay {unknown}
Books
 c - a book of Maledictions

   Spells                             Type                      Level
   a - Corona                         Hexes                        1
   b - Sure Blade                     Hexes/Charms                 2
   c - Ensorcelled Hibernation        Hexes/Ice                    2
   d - Confuse                        Hexes                        3
   e - Dazzling Spray                 Conjuration/Hexes            3
   f - Enslavement                    Hexes                        4
 Q - an Akashic Record {highlevel, unknown}

   This book is beyond your current level of understanding.

   Spells                             Type                      Level
   a - Dispersal                      Translocation                6
   b - Controlled Blink               Translocation                7
   c - Malign Gateway                 Summoning/Translocation      7
   d - Disjunction                    Translocation                8
   e - Singularity                    Translocation                9
Comestibles
 d - 9 bread rations


   Skills:
 + Level 10.2 Short Blades
 - Level 3.0 Dodging
 + Level 14.6 Stealth
 - Level 2.6 Spellcasting
 + Level 11.4 Hexes


You had 4 spell levels left.
You knew the following spells:

 Your Spells              Type           Power        Failure   Level  Hunger
a - Corona                Hex            #####..      1%          1    None
b - Ensorcelled Hibernat  Hex/Ice        ###...       1%          2    ##.....
c - Confuse               Hex            #####...     1%          3    ###....
d - Enslavement           Hex            #####...     1%          4    ####...


Dungeon Overview and Level Annotations

Branches:
Dungeon (9/15)             Temple (0/1) D:7            Lair (0/8) D:9
    Orc: D:9-12

Altars:
Ashenzari
Cheibriados
Dithmenos
Fedhas
Gozag
Nemelex Xobeh
Okawaru
Qazlal
Ru
Sif Muna
Xom
Zin
The Shining One

Shops:
D:7 *


Innate Abilities, Weirdness & Mutations

You are tiny and cannot use many weapons and most armour.
You have supernaturally acute eyesight.
You are a herbivore.
You cover ground extremely quickly.
You need consume almost no food.


Message History

The wolf appears confused.
An electric eel comes into view.
Casting: Confuse
Confirm with . or Enter, or press ? or * to list all spells.
You don't have enough magic to cast that spell.
You enter the shallow water.
Moving in this stuff is going to be slow.
The electric eel shoots out a bolt of lightning at you!
The bolt of electricity hits you!
* * * LOW HITPOINT WARNING * * *
An orc comes into view. It is wielding a club.
You see here a troll corpse.
You butcher the troll corpse.
The electric eel shoots out a bolt of lightning at you!
The bolt of electricity hits you!
* * * LOW HITPOINT WARNING * * *
You see here 2 chunks of flesh.
The electric eel shoots out a bolt of lightning at you!
The bolt of electricity hits you!
You die...

. ....≈≈≈≈≈.....≈≈≈. .
.....≈≈≈≈;≈..≈.≈≈≈.. .
......≈≈≈;.....≈≈≈.. ..
.......≈†≈.≈..≈≈≈... ..
........≈≈.≈≈.≈≈≈≈....
..
.......≈..≈≈≈.≈≈≈≈≈... .
.........≈≈≈≈.≈≈≈≈≈... #
.......≈.≈≈≈%≈.≈≈≈≈..
#####..≈≈≈≈≈@≈.≈≈....#
......≈≈..≈≈.≈.≈.....#
....................#
####................#
....#..............#####
....#..................#
....#.........[........#
. #..................#
#..................#


You could see 2 electric eels.

Vanquished Creatures
  A hill giant (D:8)
  Maurice (D:8)
  A troll (D:9)
  Prince Ribbit (D:8)
  A two-headed ogre (D:8)
  A yak (D:8)
  Edmund (D:4)
  Menkaure (D:6)
  4 wolves (D:9)
  4 sky beasts
  2 water moccasins
  2 ice beasts
  An orc warrior (D:8)
  4 ogres
  A wasp (D:8)
  2 big kobolds
  Duvessa (D:4)
  6 giant frogs
  Blork the orc (D:5)
  An elf zombie (Ossuary)
  3 centaurs
  2 elf skeletons (D:7)
  A scorpion (D:6)
  4 killer bees (D:8)
  An electric eel (D:9)
  3 wights (D:9)
  Dowan (D:4)
  A goliath beetle (D:7)
  A jelly (D:9)
  4 centaur zombies
  2 crimson imps
  A centaur skeleton (D:4)
  A giant frog skeleton (D:6)
  4 human zombies
  2 hounds (D:8)
  A human skeleton (D:7)
  2 iguanas
  4 orc wizards
  2 big kobold zombies (Ossuary)
  8 worker ants
  A hound zombie (Ossuary)
  A hound skeleton (D:6)
  3 mummies (Ossuary)
  A worker ant zombie (D:8)
  9 adders
  4 gnolls (D:4)
  4 shadow imps
  A river rat (Sewer)
  2 giant mites
  A worm (D:2)
  An adder skeleton (D:4)
  6 adder zombies
  4 giant geckos
  2 oozes
  18 orcs
  2 ball pythons
  16 bats
  A bat zombie (D:5)
  9 giant cockroaches
  2 gnoll zombies (Ossuary)
  4 goblins
  9 hobgoblins
  3 quokkas
  A giant gecko skeleton (D:5)
  4 giant newts
  A giant spore (D:8)
  3 goblin zombies (Ossuary)
  4 hobgoblin zombies (Ossuary)
  13 jackals
  2 jackal zombies (Ossuary)
  23 kobolds
  3 kobold zombies (Ossuary)
  2 orc skeletons (D:7)
  An orc zombie (Ossuary)
  4 quokka zombies
  12 rats
  5 rat zombies (Ossuary)
  A ballistomycete (D:8)
268 creatures vanquished.

Vanquished Creatures (others)
  An iguana (D:8)
  A ballistomycete (D:8)
2 creatures vanquished.

Grand Total: 270 creatures vanquished

Notes
Turn   | Place    | Note
--------------------------------------------------------------
     0 | D:1      | xsansara, the Spriggan Enchanter, began the quest for the Orb.
     0 | D:1      | Reached XP level 1. HP: 9/9 MP: 4/4
   663 | D:1      | Reached XP level 2. HP: 13/13 MP: 7/7
   667 | D:1      | Learned a level 2 spell: Ensorcelled Hibernation
   717 | D:2      | Reached skill level 5 in Stealth
  1018 | D:2      | Reached XP level 3. HP: 14/16 MP: 3/9
  1094 | D:2      | Learned a level 3 spell: Confuse
  1294 | D:2      | Found a stormy altar of Qazlal.
  1929 | D:2      | Reached XP level 4. HP: 19/21 MP: 12/12
  2121 | D:3      | Found a sacrificial altar of Ru.
  2171 | D:3      | Found a shimmering altar of Xom.
  2171 | D:3      | Found a deep blue altar of Sif Muna.
  2276 | D:3      | Reached skill level 6 in Stealth
  2382 | D:3      | Found a shadowy altar of Dithmenos.
  2385 | D:3      | Became a worshipper of Dithmenos the Shadowed
  2540 | D:3      | Found a glowing golden altar of the Shining One.
  2596 | D:3      | Found a blossoming altar of Fedhas.
  2696 | D:4      | Noticed an ogre
  2708 | D:4      | Killed an ogre
  2708 | D:4      | Reached XP level 5. HP: 5/24 MP: 4/14
  3128 | D:4      | Reached skill level 5 in Hexes
  3325 | D:4      | Reached skill level 7 in Stealth
  3543 | D:4      | Noticed Edmund
  3550 | D:4      | Killed Edmund
  3550 | D:4      | Reached XP level 6. HP: 22/28 MP: 12/17
  3800 | D:4      | Noticed Dowan
  3801 | D:4      | Noticed Duvessa
  3813 | D:4      | Reached skill level 8 in Stealth
  3818 | D:4      | Killed Duvessa
  3818 | D:4      | Reached XP level 7. HP: 27/32 MP: 19/19
  3819 | D:4      | Killed Dowan
  3978 | D:4      | Noticed an angel
  3979 | D:4      | Found a glowing silver altar of Zin.
  4152 | D:5      | Entered Level 5 of the Dungeon
  4177 | D:5      | Reached skill level 5 in Short Blades
  4441 | D:5      | Noticed Blork the orc
  4469 | D:5      | Killed Blork the orc
  4469 | D:5      | Reached skill level 9 in Stealth
  4503 | D:5      | Found an opulent altar of Gozag.
  4680 | D:5      | Acquired Dithmenos' first power
  4680 | D:5      | Reached XP level 8. HP: 23/36 MP: 16/20
  4841 | D:5      | Learned a level 4 spell: Enslavement
  5014 | D:5      | Reached skill level 10 in Stealth
  5175 | D:6      | Found a glowing drain.
  5224 | Sewer    | Entered a sewer
  5605 | Sewer    | Found a glowing silver altar of Zin.
  6329 | D:6      | Noticed Menkaure
  6333 | D:6      | Killed Menkaure
  6342 | D:6      | Reached skill level 11 in Stealth
  6558 | D:6      | Acquired Dithmenos' second power
  6778 | D:7      | Found a staircase to the Ecumenical Temple.
  6909 | D:7      | Reached XP level 9. HP: 39/39 MP: 22/22
  6942 | D:7      | Found a sand-covered staircase.
  6956 | Ossuary  | Entered an ossuary
  7530 | Ossuary  | Acquired Dithmenos' third power
  7538 | Ossuary  | Reached skill level 12 in Stealth
  7738 | D:7      | Identified a -3 rod of the swarm (14/14) (You found it on level 7 of the Dungeon)
  7914 | D:7      | Found a snail-covered altar of Cheibriados.
  7957 | D:7      | Found Ceixer's Assorted Antiques.
  7960 | D:7      | Bought a shiny iron ring for 130 gold pieces
  7960 | D:7      | Bought a metallic brown potion for 23 gold pieces
  7960 | D:7      | Bought a blackened fluorescent wand for 104 gold pieces
  7960 | D:7      | Bought a scroll labeled SHREMUZX HOTRE for 26 gold pieces
  7983 | D:7      | Got a jewelled dagger
  7984 | D:7      | Identified the +2 dagger "Lihozxa" {speed, Dex+4} (You found it on level 7 of the Dungeon)
  8400 | D:8      | Found a shattered altar of Ashenzari.
  8481 | D:8      | Noticed a hill giant
  8503 | D:8      | Killed a hill giant
  8503 | D:8      | Reached skill level 13 in Stealth
  8503 | D:8      | Reached skill level 10 in Hexes
  8629 | D:8      | Noticed Maurice
  8649 | D:8      | Reached XP level 10. HP: 41/44 MP: 17/23
  8656 | D:8      | Killed Maurice
  8970 | D:8      | Noticed Prince Ribbit
  8978 | D:8      | Killed Prince Ribbit
  9207 | D:8      | Reached skill level 14 in Stealth
  9297 | D:8      | Acquired Dithmenos' fourth power
 10011 | D:9      | Found an iron altar of Okawaru.
 10011 | D:9      | Found a sparkling altar of Nemelex Xobeh.
 10240 | D:9      | Reached skill level 10 in Short Blades
 10274 | D:9      | Found a staircase to the Lair.
 10312 | D:9      | Killed from afar by an electric eel

Action                   |  1- 3 |  4- 6 |  7- 9 | 10-12 || total
-------------------------+-------+-------+-------+-------++-------
Melee: Dagger            |   114 |   108 |   532 |   170 ||   924
Throw: Stone             |    14 |    19 |     2 |       ||    35
 Cast: Ensorcelled Hiber |    18 |    26 |    17 |       ||    61
       Confuse           |       |     3 |    35 |    21 ||    59
Evoke: Wand              |       |     1 |       |       ||     1
  Use: Scroll            |     3 |     3 |    12 |     3 ||    21
       Potion            |       |     2 |     1 |       ||     3
 Stab: Sleeping          |    15 |    17 |    78 |    21 ||   131
       Distracted        |     1 |     1 |     1 |       ||     3
       Confused          |       |     1 |    24 |    15 ||    40
       Invisible         |       |     3 |     2 |       ||     5
  Eat: Bread ration      |       |     1 |     1 |     1 ||     3
       Fruit             |       |       |     2 |       ||     2
       Pizza             |       |       |     1 |       ||     1
